[Event "Istanbul Open 2019"]
[Site "Istanbul"]
[Date "2019.08.28"]
[Round "4.10"]
[White "Emir, Emirhan"]
[Black "Citak, Selim"]
[Result "1/2-1/2"]
[ECO "A25"]
[WhiteElo "1952"]
[BlackElo "2263"]
[Annotator "NA"]
[PlyCount "60"]
[EventDate "2019.08.26"]
[EventType "swiss"]
[EventCountry "TUR"]
[SourceTitle "playchess.com"]
[Source "ChessBase"]
[SourceQuality "1"]
[TimeControl "5400+30"]

1. c4 Nc6 2. Nc3 e5 3. g3 g6 4. Bg2 Bg7 5. d3 d6 6. e3 f5 7. Nge2 Nf6 8. Rb1 Be6 9. Nd5 a5 10. O-O O-O 11. Nec3 g5 12. f4 gxf4 13. gxf4 Kh8 14. a3 Rg8 15. b4 axb4 16. axb4 e4 17. Bb2 Bxd5 18. Nxd5 Nxd5 19. cxd5 Ne7 20. dxe4 fxe4 21. Kh1 Bxb2 22. Rxb2 Nf5 23. Bxe4 Qf6 24. Re2 Nh4 25. Qd4 Qxd4 26. exd4 Ra4 27. Bb1 Rxb4 28. Re7 Rg7 29. Re8+ Rg8 30. Re7 Rg7 1/2-1/2

[Event "Istanbul Open 2019"]
[Site "Istanbul"]
[Date "2019.08.28"]
[Round "4.11"]
[White "Akin, Yagiz Cinar"]
[Black "Mammadov, Sadig"]
[Result "0-1"]
[ECO "D11"]
[WhiteElo "1953"]
[BlackElo "2243"]
[Annotator "NA"]
[PlyCount "70"]
[EventDate "2019.08.26"]
[EventType "swiss"]
[EventCountry "TUR"]
[SourceTitle "playchess.com"]
[Source "ChessBase"]
[SourceQuality "1"]
[TimeControl "5400+30"]

1. g3 Nf6 2. Bg2 d5 3. c4 c6 4. d4 dxc4 5. Nf3 Bf5 6. O-O e6 7. Nc3 Nbd7 8. Nh4 Bg6 9. Nxg6 hxg6 10. e4 e5 11. d5 Bc5 12. dxc6 bxc6 13. Qe2 Nb6 14. Rd1 Bd4 15. Be3 c5 16. Nd5 O-O 17. Nxb6 Qxb6 18. Bxd4 cxd4 19. Qxc4 Rfc8 20. Qb3 Qxb3 21. axb3 Rc2 22. Ra5 Rac8 23. Rxa7 Rxb2 24. Re7 Rcc2 25. Rxe5 Rxf2 26. Bh3 Rxh2 27. Bf1 Nh5 28. Re8+ Kh7 29. Rd3 Rhc2 30. Rf3 Rc3 31. Rxf7 Rxg3+ 32. Kh1 Rg5 33. e5 Ng3+ 34. Kg1 Nf5+ 35. Kh1 Rb1 0-1

[Event "Istanbul Open 2019"]
[Site "Istanbul"]
[Date "2019.08.28"]
[Round "4.12"]
[White "Yilmaz, Turhan"]
[Black "Sar, Can"]
[Result "0-1"]
[ECO "B23"]
[WhiteElo "2199"]
[BlackElo "2003"]
[Annotator "NA"]
[PlyCount "76"]
[EventDate "2019.08.26"]
[EventType "swiss"]
[EventCountry "TUR"]
[SourceTitle "playchess.com"]
[Source "ChessBase"]
[SourceQuality "1"]
[TimeControl "5400+30"]

1. e4 c5 2. Nc3 g6 3. d3 Bg7 4. Be3 d6 5. Qd2 Nc6 6. h3 e5 7. g4 Nge7 8. Bg2 O-O 9. Nge2 Nd4 10. Ng3 Be6 11. Nd5 Bxd5 12. exd5 f5 13. gxf5 Nexf5 14. Nxf5 Nxf5 15. Bg5 Bf6 16. Bxf6 Qxf6 17. Be4 Nd4 18. Rh2 Qf4 19. Qxf4 Rxf4 20. Kd2 Raf8 21. c3 Rxe4 22. cxd4 Rxd4 23. Ke3 Rxd5 24. Rc1 Rd4 25. a3 b6 26. f3 Rdf4 27. Rf2 d5 28. b4 cxb4 29. axb4 Rxb4 30. Rc7 Rf7 31. Rc8+ Kg7 32. Rd8 Rd4 33. Re8 Kf6 34. Rc2 Rf4 35. Rc6+ Kg7 36. Rxe5 Rxf3+ 37. Kd4 Rd7 38. Rc3 Rxh3 0-1

[Event "Istanbul Open 2019"]
[Site "Istanbul"]
[Date "2019.08.28"]
[Round "4.13"]
[White "Grigoriev, Armen"]
[Black "Bayramov, Elvin"]
[Result "1/2-1/2"]
[ECO "A49"]
[WhiteElo "2017"]
[BlackElo "2198"]
[Annotator "ChessBase"]
[PlyCount "127"]
[EventDate "2019.08.26"]
[EventType "swiss"]
[EventCountry "TUR"]
[SourceTitle "playchess.com"]
[Source "ChessBase"]
[SourceQuality "1"]
[TimeControl "5400+30"]

1. d4 Nf6 2. Nf3 g6 3. g3 Bg7 4. Bg2 O-O 5. O-O d6 6. Nc3 c6 7. e4 Qc7 8. h3 e5 9. Bg5 exd4 10. Nxd4 Nbd7 11. Qd2 Ne5 12. b3 Re8 13. Rad1 a6 14. g4 Ned7 15. Bf4 Nc5 16. f3 Nfd7 17. Nde2 Be5 18. Be3 Qa5 19. f4 Bg7 20. Bd4 Bf8 21. a4 b5 22. axb5 axb5 23. Ng3 Bb7 24. Kh2 Ne6 25. Bg1 Bg7 26. Nce2 Qxd2 27. Rxd2 Bf8 28. e5 d5 29. c4 Bb4 30. Rc2 g5 31. fxg5 Nxe5 32. cxd5 cxd5 33. Nh5 Rec8 34. Rfc1 Rxc2 35. Rxc2 Nxg5 36. Nf6+ Kg7 37. Bxd5 Nef3+ 38. Kh1 Bxd5 39. Nxd5 Bd6 40. Rc6 Be5 41. Ne3 Nxh3 42. Nf5+ Kh8 43. Be3 Nhg5 44. Kg2 f6 45. Bxg5 Nxg5 46. Ned4 b4 47. Rc4 Kg8 48. Rxb4 Ra2+ 49. Kf1 Ne4 50. Rb7 Rf2+ 51. Ke1 Bxd4 52. Nxd4 Rg2 53. Nf5 Nc5 54. Rb8+ Kf7 55. b4 Nd3+ 56. Kd1 Nf2+ 57. Kc1 Nxg4 58. b5 Ke6 59. Nd4+ Kd5 60. b6 Ne5 61. b7 Nd3+ 62. Kd1 Rb2 63. Rd8+ Ke4 64. b8=Q 1/2-1/2

[Event "Istanbul Open 2019"]
[Site "Istanbul"]
[Date "2019.08.28"]
[Round "4.14"]
[White "Mohannad, Farhan"]
[Black "Yasin, Hur"]
[Result "1-0"]
[ECO "D35"]
[WhiteElo "2151"]
[BlackElo "1906"]
[Annotator "NA"]
[PlyCount "87"]
[EventDate "2019.08.26"]
[EventType "swiss"]
[EventCountry "TUR"]
[SourceTitle "playchess.com"]
[Source "ChessBase"]
[SourceQuality "1"]
[TimeControl "5400+30"]

1. d4 Nf6 2. c4 e6 3. Nf3 Bb4+ 4. Bd2 Be7 5. Nc3 d5 6. cxd5 exd5 7. Bg5 O-O 8. e3 c6 9. Bd3 Ne4 10. Bxe7 Qxe7 11. Bxe4 dxe4 12. Nd2 f5 13. O-O Be6 14. f3 exf3 15. Qxf3 Nd7 16. a3 Nf6 17. Rae1 Qd6 18. Qf4 Rad8 19. Qxd6 Rxd6 20. Na4 b6 21. Rc1 c5 22. Nf3 c4 23. Nc3 a6 24. Rcd1 Re8 25. Rfe1 Bc8 26. Ne5 b5 27. a4 Rb6 28. axb5 axb5 29. Ra1 Be6 30. Ra5 Reb8 31. d5 Bd7 32. Na2 Re8 33. Nxd7 Nxd7 34. Nb4 Nf6 35. Rd1 Rxe3 36. d6 Rb7 37. Nc6 g6 38. Nb4 Rb3 39. Nd5 Nd7 40. Re1 Rd3 41. Re8+ Nf8 42. Re7 Rb8 43. Nf6+ Kh8 44. Raa7 1-0

[Event "Istanbul Open 2019"]
[Site "Istanbul"]
[Date "2019.08.28"]
[Round "4.15"]
[White "Menekse, Tuncay"]
[Black "Kaya, Serkan"]
[Result "1-0"]
[ECO "D79"]
[WhiteElo "1684"]
[BlackElo "1549"]
[Annotator "NA"]
[PlyCount "105"]
[EventDate "2019.08.26"]
[EventType "swiss"]
[EventCountry "TUR"]
[SourceTitle "playchess.com"]
[Source "ChessBase"]
[SourceQuality "1"]
[TimeControl "5400+30"]

1. c4 g6 2. g3 Bg7 3. Nc3 Nf6 4. Bg2 c6 5. d4 d5 6. cxd5 cxd5 7. Qb3 e6 8. Nf3 Nc6 9. O-O O-O 10. a3 Ne4 11. e3 Nxc3 12. Qxc3 Re8 13. Ne5 Nxe5 14. dxe5 Bd7 15. f4 Qb6 16. Qd4 Rec8 17. Bd2 Rc4 18. Qxb6 axb6 19. Bc3 Bf8 20. Rfc1 Rac8 21. Bf1 R4c7 22. Bd3 b5 23. Bd2 Rxc1+ 24. Rxc1 Rxc1+ 25. Bxc1 b4 26. axb4 Bxb4 27. Kf2 Kf8 28. Ke2 Ke7 29. Bd2 Bc5 30. Bc3 h6 31. b4 Bb6 32. Bd4 Bxd4 33. exd4 b5 34. Kf3 h5 35. h3 Kf8 36. g4 hxg4+ 37. Kxg4 Kg7 38. Kg5 Be8 39. Be2 Bd7 40. Bg4 Be8 41. h4 Bd7 42. Bf3 Be8 43. f5 Bc6 44. fxe6 fxe6 45. Be2 Bd7 46. Bd1 Be8 47. Bc2 Bf7 48. Bb1 Be8 49. Bd3 Kh7 50. h5 Kg7 51. Bxg6 Bxg6 52. hxg6 Kg8 53. Kf6 1-0

[Event "Istanbul Open 2019"]
[Site "Istanbul"]
[Date "2019.08.28"]
[Round "4.16"]
[White "Kamis, Enes Yusuf"]
[Black "Hakkaki Fard, Pedram"]
[Result "0-1"]
[ECO "C47"]
[WhiteElo "1644"]
[BlackElo "1720"]
[Annotator "NA"]
[PlyCount "76"]
[EventDate "2019.08.26"]
[EventType "swiss"]
[EventCountry "TUR"]
[SourceTitle "playchess.com"]
[Source "ChessBase"]
[SourceQuality "1"]
[TimeControl "5400+30"]

1. e4 e5 2. Nf3 Nf6 3. Nc3 Nc6 4. a3 a6 5. d4 exd4 6. Nxd4 Bc5 7. Be3 Nxd4 8. Bxd4 Qe7 9. Bc4 O-O 10. O-O Bxd4 11. Qxd4 d6 12. Rfe1 Ng4 13. f3 Ne5 14. Nd5 Qd8 15. Rad1 Be6 16. Be2 Bxd5 17. exd5 Re8 18. f4 Nd7 19. Bd3 Qf6 20. Qxf6 Nxf6 21. c4 Kf8 22. g3 h5 23. h3 Rab8 24. Kf2 Rxe1 25. Rxe1 b5 26. b4 a5 27. cxb5 axb4 28. axb4 Nxd5 29. Re4 Ra8 30. Rc4 Ra2+ 31. Kf3 Ra3 32. Rd4 Nxb4 33. Rxb4 Rxd3+ 34. Kf2 Ke7 35. b6 cxb6 36. Rxb6 h4 37. Rb7+ Ke6 38. g4 Rxh3 0-1

[Event "Istanbul Open 2019"]
[Site "Istanbul"]
[Date "2019.08.28"]
[Round "4.17"]
[White "Pektas, Gokdeniz"]
[Black "Gulcu, Hakan"]
[Result "1-0"]
[ECO "D36"]
[WhiteElo "1652"]
[BlackElo "1653"]
[Annotator "NA"]
[PlyCount "61"]
[EventDate "2019.08.26"]
[EventType "swiss"]
[EventCountry "TUR"]
[SourceTitle "playchess.com"]
[Source "ChessBase"]
[SourceQuality "1"]
[TimeControl "5400+30"]

1. d4 Nf6 2. c4 e6 3. Nc3 d5 4. cxd5 exd5 5. Bg5 c6 6. Qc2 Be6 7. e3 Nbd7 8. Bd3 Be7 9. h3 O-O 10. Nf3 Re8 11. g4 h6 12. Bf4 a6 13. O-O-O c5 14. Rdg1 c4 15. Bf5 Bxf5 16. Qxf5 g6 17. Qc2 Kg7 18. g5 hxg5 19. Nxg5 Nf8 20. h4 Nh5 21. Be5+ Bf6 22. Bxf6+ Kxf6 23. Qd1 Kg7 24. Qf3 f6 25. Nh3 Kh7 26. Nxd5 Qd6 27. e4 Kh6 28. Rg4 Rad8 29. Rhg1 f5 30. exf5 Qxd5 31. Rxg6+ 1-0

[Event "Istanbul Open 2019"]
[Site "Istanbul"]
[Date "2019.08.28"]
[Round "4.18"]
[White "Goekkaya, Murat Bora"]
[Black "Can, Ilhan"]
[Result "1/2-1/2"]
[ECO "A22"]
[WhiteElo "1594"]
[BlackElo "1683"]
[Annotator "NA RC"]
[PlyCount "121"]
[EventDate "2019.08.26"]
[EventType "swiss"]
[EventCountry "TUR"]
[SourceTitle "playchess.com"]
[Source "ChessBase"]
[SourceQuality "1"]
[TimeControl "5400+30"]

1. c4 e5 2. Nc3 Nf6 3. g3 Be7 4. Bg2 d6 5. Nf3 c6 6. O-O O-O 7. b3 Re8 8. Bb2 Bf8 9. d3 h6 10. Qd2 Nbd7 11. e4 Nc5 12. b4 Ncd7 13. Rfd1 Qc7 14. Rac1 Qb8 15. h3 a5 16. a3 g6 17. d4 axb4 18. axb4 Bg7 19. d5 c5 20. b5 Nb6 21. Qd3 Nh5 22. Nh4 Bd7 23. Rf1 Qc7 24. Rc2 Bf6 25. Ne2 Qd8 26. Nf3 Qe7 27. Nh2 Ra4 28. Ng4 Bg7 29. Ne3 Rea8 30. f4 Ra2 31. fxe5 Rxb2 32. Rxb2 Qxe5 33. Rd2 Nxg3 34. Nxg3 Qxg3 35. Qe2 Be5 36. Qf3 Qh2+ 37. Kf2 Bd4 38. Ke2 Rf8 39. Kd3 Bxe3 40. Qxe3 Kg7 41. Qf4 Qxf4 42. Rxf4 Ra8 43. Rc2 Be8 44. h4 Nd7 45. Kc3 Ra4 46. Bf1 Ne5 47. Rcf2 Bd7 48. Rf6 Bf5 49. Rxd6 Bxe4 50. Kb3 Rb4+ 51. Kc3 Rb1 52. Re2 f5 53. Rxe4 fxe4 54. Re6 Rxf1 55. Rxe5 Rf7 56. Rxe4 g5 57. h5 Rf3+ 58. Kd2 Rf6 59. Ke3 Kf7 60. Re5 g4 61. Re4 1/2-1/2

[Event "Istanbul Open 2019"]
[Site "Istanbul"]
[Date "2019.08.28"]
[Round "4.19"]
[White "Yalcinkaya, Efe"]
[Black "Demirel, Ali Yagmur"]
[Result "1-0"]
[ECO "C02"]
[WhiteElo "1542"]
[BlackElo "1714"]
[Annotator "NA"]
[PlyCount "81"]
[EventDate "2019.08.26"]
[EventType "swiss"]
[EventCountry "TUR"]
[SourceTitle "playchess.com"]
[Source "ChessBase"]
[SourceQuality "1"]
[TimeControl "5400+30"]

1. e4 e6 2. d4 d5 3. e5 c5 4. c3 Nc6 5. Nf3 Bd7 6. a3 f6 7. exf6 Nxf6 8. Bd3 Bd6 9. O-O O-O 10. Re1 Qc7 11. Qe2 Ng4 12. h3 e5 13. dxc5 Bxc5 14. hxg4 Bxg4 15. Nbd2 Rae8 16. Bc4 Qf7 17. Ba2 Rd8 18. b4 Bd6 19. Ng5 Qh5 20. Bxd5+ Kh8 21. Ndf3 e4 22. Qxe4 Bxf3 23. Nxf3 Rde8 24. Be6 Re7 25. Qd5 Bh2+ 26. Kf1 Be5 27. Nxe5 Qh1+ 28. Ke2 Qh4 29. Nf3 Qf6 30. Kf1 Qxc3 31. Bg5 Ree8 32. Qc4 Rxf3 33. Qxc3 Rxc3 34. Bd7 Rf8 35. b5 Nd4 36. Be7 Rg8 37. Rac1 Nc2 38. Bf5 Ne3+ 39. fxe3 Rb3 40. Be6 Re8 41. Bxb3 1-0

[Event "Istanbul Open 2019"]
[Site "Istanbul"]
[Date "2019.08.29"]
[Round "5.1"]
[White "Eren, Ataberk"]
[Black "Kamer, Kayra"]
[Result "0-1"]
[ECO "E70"]
[WhiteElo "2254"]
[BlackElo "2306"]
[Annotator "NA"]
[PlyCount "82"]
[EventDate "2019.08.26"]
[EventType "swiss"]
[EventCountry "TUR"]
[SourceTitle "playchess.com"]
[Source "ChessBase"]
[SourceQuality "1"]
[TimeControl "5400+30"]

1. d4 Nf6 2. c4 g6 3. Nc3 Bg7 4. e4 d6 5. Nge2 O-O {[%emt 1:31:18] 0$} 6. Ng3 h5 7. Be2 h4 8. Nf1 h3 9. gxh3 c5 10. d5 e6 11. h4 exd5 12. exd5 Re8 13. Ng3 Nbd7 14. Bg5 Ne5 15. O-O Bh3 16. Re1 Qd7 17. Qd2 {[%emt 1:33:44] k} Nfg4 18. Nd1 f6 19. Bf4 g5 20. hxg5 fxg5 21. Bxg5 Rf8 22. f4 Nf7 23. Bxg4 Qxg4 24. Be7 Bd4+ 25. Ne3 Qxf4 26. Bxf8 Rxf8 27. Qf2 Ne5 28. Qxf4 Rxf4 29. Kh1 Nd3 30. Re2 Nf2+ 31. Rxf2 Rxf2 32. Re1 Rxb2 33. Ngf5 Be5 34. Nh6+ Kh7 35. Nhg4 Bd4 36. a4 Ra2 37. a5 Kg6 38. Rg1 Kh5 39. Rg3 Ra1+ 40. Rg1 Rxg1+ 41. Kxg1 Bxg4 0-1

[Event "Istanbul Open 2019"]
[Site "Istanbul"]
[Date "2019.08.29"]
[Round "5.2"]
[White "Arat, Ufuk Sezen"]
[Black "Yaran, Siar"]
[Result "1/2-1/2"]
[ECO "D37"]
[WhiteElo "2390"]
[BlackElo "2209"]
[Annotator "RC"]
[PlyCount "114"]
[EventDate "2019.08.26"]
[EventType "swiss"]
[EventCountry "TUR"]
[SourceTitle "playchess.com"]
[Source "ChessBase"]
[SourceQuality "1"]
[TimeControl "5400+30"]

1. d4 Nf6 2. c4 e6 3. Nc3 d5 4. Nf3 Be7 5. Bf4 O-O 6. e3 c5 7. dxc5 Bxc5 8. a3 Nc6 {[%emt 0:57:00] 0 Î} 9. Be2 dxc4 10. Bxc4 Qxd1+ 11. Rxd1 Rd8 12. Ke2 Bd7 13. g4 Be8 14. g5 Nd7 15. h4 Nb6 16. Ba2 Rxd1 17. Rxd1 Rd8 18. Rxd8 Nxd8 19. h5 Be7 20. h6 gxh6 21. gxh6 Bd7 22. Ne5 Be8 23. Ng4 f6 24. e4 Kf7 25. Bc7 Bd7 26. e5 f5 27. Nf6 Bxf6 28. exf6 Nc6 29. Nb5 Nc8 30. Ke3 Kxf6 31. Nd4 N8e7 32. f4 Ng8 33. Nxc6 Bxc6 34. Bd8+ Kf7 35. Bg5 Nf6 36. Kd4 Ne4 37. Bd8 Nf6 38. Ke5 Ne4 39. Kd4 Nf2 40. Bc4 Be4 41. a4 Ng4 42. Bg5 Kg6 43. Bxe6 Nxh6 44. b4 Ng4 45. b5 Nf2 46. a5 Nh3 47. Be7 Nxf4 48. Bd7 Nd5 49. Be8+ Kg7 50. Bd6 Nf6 51. Be5 Kf8 52. Bxf6 Kxe8 53. b6 a6 54. Ke3 Kf7 55. Bh4 Ke6 56. Kf4 h5 57. Be1 Bc2 1/2-1/2

[Event "Istanbul Open 2019"]
[Site "Istanbul"]
[Date "2019.08.29"]
[Round "5.3"]
[White "Darban, Morteza"]
[Black "Nuri, Murad"]
[Result "1/2-1/2"]
[ECO "C42"]
[WhiteElo "2280"]
[BlackElo "2291"]
[Annotator "NA"]
[PlyCount "26"]
[EventDate "2019.08.26"]
[EventType "swiss"]
[EventCountry "TUR"]
[SourceTitle "playchess.com"]
[Source "ChessBase"]
[SourceQuality "1"]
[TimeControl "5400+30"]

1. e4 e5 2. Nf3 Nf6 3. Nxe5 d6 4. Nf3 Nxe4 5. Qe2 Qe7 6. d3 Nf6 7. Bg5 Qxe2+ 8. Bxe2 Be7 9. Nc3 c6 10. O-O-O Nbd7 11. h3 O-O 12. Ne4 d5 13. Nxf6+ Bxf6 1/2-1/2

[Event "Istanbul Open 2019"]
[Site "Istanbul"]
[Date "2019.08.29"]
[Round "5.4"]
[White "Shanava, Konstantine"]
[Black "Yarar, Muammer Atakan"]
[Result "*"]
[ECO "B11"]
[WhiteElo "2496"]
[BlackElo "1779"]
[Annotator "ChessBase"]
[PlyCount "37"]
[EventDate "2019.08.26"]
[EventType "swiss"]
[EventCountry "TUR"]
[SourceTitle "playchess.com"]
[Source "ChessBase"]
[SourceQuality "1"]
[TimeControl "5400+30"]

1. e4 c6 2. Nc3 d5 3. Nf3 Bg4 4. h3 Bxf3 5. Qxf3 e6 6. d4 dxe4 7. Qxe4 Nf6 8. Qd3 Qc7 9. Be2 Bd6 10. g3 Nbd7 11. Ne4 Nxe4 12. Qxe4 Nf6 13. Qf3 Qa5+ 14. c3 Qd5 15. O-O Qxf3 16. Bxf3 h6 17. Re1 O-O-O {[%emt 0:00:00] ?d1 Rhe8} 18. Re2 Nd5 19. Bd2 {[%emt 0:00:00] ?d1} *

[Event "Istanbul Open 2019"]
[Site "Istanbul"]
[Date "2019.08.29"]
[Round "5.4"]
[White "Shanava, Konstantine"]
[Black "Yarar, Muammer Atakan"]
[Result "1-0"]
[ECO "B11"]
[WhiteElo "2496"]
[BlackElo "1779"]
[Annotator "ChessBase"]
[PlyCount "107"]
[EventDate "2019.08.26"]
[EventType "swiss"]
[EventCountry "TUR"]
[SourceTitle "playchess.com"]
[Source "ChessBase"]
[SourceQuality "1"]
[TimeControl "5400+30"]

1. e4 c6 2. Nc3 d5 3. Nf3 Bg4 4. h3 Bxf3 5. Qxf3 e6 6. d4 dxe4 7. Qxe4 Nf6 8. Qd3 Qc7 9. Be2 Bd6 10. g3 Nbd7 11. Ne4 Nxe4 12. Qxe4 Nf6 13. Qf3 Qa5+ 14. c3 Qd5 15. O-O Qxf3 16. Bxf3 h6 17. Re1 O-O-O {[%emt 0:00:00] %} 18. Re2 Rhe8 19. Be3 Nd5 20. Bd2 Re7 21. Rae1 Rde8 22. c4 Nf6 23. Bc3 Kd7 24. b3 Bc7 25. a3 Bd6 26. a4 a6 27. Kf1 Bc7 28. a5 Bd6 29. b4 Kc8 30. Bg2 Kd7 31. h4 Kc8 32. Bf3 Kd7 33. h5 Kc8 34. Re3 Kd7 35. Bd1 Rg8 36. f4 g5 37. d5 gxf4 38. dxe6+ fxe6 39. Rd3 Rxg3 40. Rxd6+ Kxd6 41. Bxf6 Rf7 42. Be5+ Ke7 43. Bc2 Rg5 44. Bg6 Rgf5 45. Bxf5 Rxf5 46. Kf2 f3 47. Re4 Rxh5 48. Kxf3 Rh3+ 49. Bg3 Rh1 50. Rg4 Kf6 51. Ke4 Rh5 52. Rg8 c5 53. Rf8+ Kg6 54. b5 1-0

[Event "Istanbul Open 2019"]
[Site "Istanbul"]
[Date "2019.08.29"]
[Round "5.5"]
[White "Ozer, Omer Faruk"]
[Black "Abishli, Oghuz"]
[Result "0-1"]
[ECO "C15"]
[WhiteElo "2357"]
[BlackElo "2038"]
[Annotator "RC"]
[PlyCount "54"]
[EventDate "2019.08.26"]
[EventType "swiss"]
[EventCountry "TUR"]
[SourceTitle "playchess.com"]
[Source "ChessBase"]
[SourceQuality "1"]
[TimeControl "5400+30"]

1. e4 e6 2. d4 d5 3. Nc3 Bb4 4. Nge2 Nf6 5. e5 {[%emt 1:18:36] D} Ne4 6. a3 Nxc3 7. bxc3 Be7 8. g3 b6 9. Bg2 Ba6 10. O-O h5 11. f4 g6 12. h3 Qd7 13. a4 Nc6 14. Rf3 Na5 15. Be3 Nc4 16. Bf2 Nb2 17. Qe1 Nxa4 18. Nc1 Bc4 19. Nd3 a5 20. g4 hxg4 21. hxg4 Qc6 22. f5 gxf5 23. gxf5 Bxd3 24. cxd3 Nxc3 25. Be3 Nb5 26. Qg3 O-O-O 27. Qg7 Rdg8 0-1

[Event "Istanbul Open 2019"]
[Site "Istanbul"]
[Date "2019.08.29"]
[Round "5.6"]
[White "Sar, Can"]
[Black "Ozsakallioglu, Okan"]
[Result "0-1"]
[ECO "B80"]
[WhiteElo "2003"]
[BlackElo "2324"]
[Annotator "NA"]
[PlyCount "80"]
[EventDate "2019.08.26"]
[EventType "swiss"]
[EventCountry "TUR"]
[SourceTitle "playchess.com"]
[Source "ChessBase"]
[SourceQuality "1"]
[TimeControl "5400+30"]

1. e4 c5 2. Nf3 e6 3. d4 cxd4 4. Nxd4 a6 5. Nc3 b5 6. a3 Bb7 7. g3 Nf6 8. Bg2 Qc7 9. O-O Nc6 10. Nb3 d6 11. f4 Be7 12. Be3 O-O 13. g4 Nd7 14. g5 Nb6 {[%clk} 15. Nd2 Rfe8 {[%emt 0:19:30] [%} 16. Qh5 g6 17. Qh6 Bf8 {[%emt 1:17:31] [} 18. Qh4 d5 19. Bxb6 Qxb6+ 20. Kh1 Ne7 21. Rf3 Qd4 22. Rd3 Qh8 23. Re1 dxe4 24. Ndxe4 Nf5 25. Qf2 Bg7 26. Nf6+ Bxf6 27. Bxb7 Rab8 28. gxf6 Rxb7 29. Ne4 h5 30. Red1 h4 31. Kg1 Qh5 32. Qf3 Qxf3 33. Rxf3 Rc7 34. c3 Rc4 35. Ng5 e5 36. Re1 e4 37. Rff1 e3 38. Nh3 Re6 39. Kg2 Rxf6 40. Nf2 Nd6 0-1

[Event "Istanbul Open 2019"]
[Site "Istanbul"]
[Date "2019.08.29"]
[Round "5.7"]
[White "Mammadov, Sadig"]
[Black "Ibik, Halit Yavuz"]
[Result "1-0"]
[ECO "B96"]
[WhiteElo "2243"]
[BlackElo "1990"]
[Annotator "RC"]
[PlyCount "90"]
[EventDate "2019.08.26"]
[EventType "swiss"]
[EventCountry "TUR"]
[SourceTitle "playchess.com"]
[Source "ChessBase"]
[SourceQuality "1"]
[TimeControl "5400+30"]

1. e4 c5 2. Nf3 d6 3. d4 cxd4 4. Nxd4 Nf6 5. Nc3 a6 6. Bg5 e6 7. f4 Nbd7 8. Qf3 Qc7 9. O-O-O b5 10. Bd3 Bb7 11. Rhe1 Qb6 12. Nd5 Qxd4 {[%emt 1:18:42] D} 13. Bxf6 gxf6 14. Bxb5 Qc5 15. b4 Qxb5 16. Nc7+ Ke7 17. Nxb5 axb5 18. Qd3 Ra6 19. g3 Rb6 20. Qe2 h5 21. Rd3 h4 22. Red1 hxg3 23. hxg3 Ke8 24. Ra3 Be7 25. Ra5 d5 26. exd5 Bxd5 27. Rxb5 Bf3 28. Qxf3 Rxb5 29. Qc6 Rd5 30. Rxd5 exd5 31. Qa8+ Bd8 32. Qxd5 Nb6 33. Qc6+ Ke7 34. a3 Rh3 35. a4 Nd7 36. Qe4+ Kf8 37. Qd3 Ke8 38. Qe3+ Kf8 39. Qd2 Ke8 40. Qe1+ Kf8 41. b5 f5 42. b6 Rh6 43. Qb4+ Ke8 44. b7 Bc7 45. Qb5 Kd8 1-0

[Event "Istanbul Open 2019"]
[Site "Istanbul"]
[Date "2019.08.29"]
[Round "5.9"]
[White "Aganazarov, Yagmyr"]
[Black "Mohannad, Farhan"]
[Result "0-1"]
[ECO "B01"]
[WhiteElo "1976"]
[BlackElo "2151"]
[Annotator "NA"]
[PlyCount "54"]
[EventDate "2019.08.26"]
[EventType "swiss"]
[EventCountry "TUR"]
[SourceTitle "playchess.com"]
[Source "ChessBase"]
[SourceQuality "1"]
[TimeControl "5400+30"]

1. e4 d5 2. exd5 Qxd5 3. Nc3 Qd6 4. d4 Nf6 5. Bd3 c6 6. Nge2 g6 7. Bf4 Qd8 8. Qd2 Nbd7 9. O-O-O Nb6 10. Kb1 Be6 11. Be5 Bg7 12. Nf4 Bc4 13. Bxc4 Nxc4 14. Qe2 b5 15. Qf3 Rc8 16. h4 h5 17. Rhe1 O-O 18. Rd3 Qa5 19. Bxf6 exf6 20. Red1 Qb4 21. b3 Qa3 22. bxc4 bxc4 23. Na4 Rb8+ 24. Rb3 cxb3 25. axb3 Qxa4 26. g4 hxg4 27. Qxg4 Rxb3+ 0-1

[Event "Istanbul Open 2019"]
[Site "Istanbul"]
[Date "2019.08.29"]
[Round "5.10"]
[White "Makaraci, Tunahan"]
[Black "Senyuz, Mustafa Zorbey"]
[Result "0-1"]
[ECO "B51"]
[WhiteElo "2064"]
[BlackElo "1844"]
[Annotator "NA"]
[PlyCount "68"]
[EventDate "2019.08.26"]
[EventType "swiss"]
[EventCountry "TUR"]
[SourceTitle "playchess.com"]
[Source "ChessBase"]
[SourceQuality "1"]
[TimeControl "5400+30"]

1. e4 c5 2. Nf3 d6 3. Bb5+ Nd7 4. d4 a6 5. Bxd7+ Bxd7 6. O-O cxd4 7. Qxd4 e5 8. Qd3 Be7 9. a4 h6 10. c4 Nf6 11. Nc3 O-O 12. Be3 Rc8 13. a5 Qc7 14. b3 Be6 15. h3 {[%emt 0:45:30] 1} Ne8 16. Bb6 Qd7 17. Rfd1 Qc6 18. Nd2 f5 19. exf5 Bxf5 20. Nde4 Bxe4 21. Qxe4 Qxe4 22. Nxe4 Kf7 23. Rd3 Ke6 24. Ra4 Rc6 25. Nc3 Nf6 26. Rd1 Bd8 27. Bxd8 Rxd8 28. f4 Nd7 29. Rd5 Rf8 30. fxe5 dxe5 31. Nd1 Rd6 32. Rxd6+ Kxd6 33. b4 Rc8 34. c5+ Ke6 0-1

[Event "Istanbul Open 2019"]
[Site "Istanbul"]
[Date "2019.08.29"]
[Round "5.11"]
[White "Citak, Selim"]
[Black "Grigoriev, Armen"]
[Result "1-0"]
[ECO "D43"]
[WhiteElo "2263"]
[BlackElo "2017"]
[Annotator "ChessBase"]
[PlyCount "67"]
[EventDate "2019.08.26"]
[EventType "swiss"]
[EventCountry "TUR"]
[SourceTitle "playchess.com"]
[Source "ChessBase"]
[SourceQuality "1"]
[TimeControl "5400+30"]

1. d4 Nf6 2. c4 e6 3. Nc3 Bb4 4. Nf3 d5 5. Bg5 h6 6. Bh4 dxc4 7. e3 b5 8. a4 c6 9. Be2 {[%emt 1:01:30] 1} Nbd7 10. O-O Qb6 11. Qc2 Bb7 12. e4 a6 13. Rfd1 O-O 14. Ne5 Rfc8 15. Nxf7 Kxf7 16. e5 g5 17. exf6 Nxf6 18. Bg3 Bxc3 19. bxc3 Rh8 20. Be5 Rag8 21. Qb2 Rd8 22. Bxc4 Rd7 23. Re1 Re8 24. Be2 Rf8 25. c4 Qd8 26. axb5 cxb5 27. cxb5 axb5 28. Bxb5 Re7 29. Be2 Bd5 30. Qd2 Kg8 31. Bd3 Kf7 32. h3 Nd7 33. Bg3 Nf6 34. Qe2 1-0

[Event "Istanbul Open 2019"]
[Site "Istanbul"]
[Date "2019.08.29"]
[Round "5.12"]
[White "Aliakbarov, Anar"]
[Black "Emir, Emirhan"]
[Result "1/2-1/2"]
[ECO "A90"]
[WhiteElo "2265"]
[BlackElo "1952"]
[Annotator "RC"]
[PlyCount "41"]
[EventDate "2019.08.26"]
[EventType "swiss"]
[EventCountry "TUR"]
[SourceTitle "playchess.com"]
[Source "ChessBase"]
[SourceQuality "1"]
[TimeControl "5400+30"]

1. d4 e6 2. c4 f5 3. g3 Nf6 4. Bg2 d5 5. Nh3 c6 6. Qc2 Bd6 7. Nd2 O-O 8. O-O Qe8 9. Nf3 h6 {[%emt 1:08:30] 1} 10. Nf4 Nbd7 11. Nd3 Qh5 12. c5 Be7 13. b3 g5 14. Rb1 Qg6 15. b4 Re8 16. Nfe5 Qg7 17. a4 a6 18. b5 axb5 19. axb5 Nxe5 20. Nxe5 cxb5 21. Rxb5 1/2-1/2

[Event "Istanbul Open 2019"]
[Site "Istanbul"]
[Date "2019.08.29"]
[Round "5.13"]
[White "Bayramov, Elvin"]
[Black "Aydin, Kaan Ayhan"]
[Result "1/2-1/2"]
[ECO "C29"]
[WhiteElo "2198"]
[BlackElo "1890"]
[Annotator "NA"]
[PlyCount "43"]
[EventDate "2019.08.26"]
[EventType "swiss"]
[EventCountry "TUR"]
[SourceTitle "playchess.com"]
[Source "ChessBase"]
[SourceQuality "1"]
[TimeControl "5400+30"]

1. e4 e5 2. Nc3 Nf6 3. f4 d5 4. fxe5 Nxe4 5. Qf3 Nc6 6. Bb5 Nxc3 7. bxc3 Qh4+ 8. g3 Qe4+ 9. Qxe4 dxe4 10. Ne2 Bd7 11. Bxc6 Bxc6 12. Rf1 {[%emt 1:02:00] :} Bc5 13. d4 exd3 14. cxd3 O-O 15. d4 Be7 16. a4 Bd5 17. Rf2 Bc4 18. Nf4 f6 19. exf6 Bxf6 20. Rb1 c5 21. Be3 b6 22. Nh5 1/2-1/2